[Event "*** SCC Grand Prix: Titled Tuesday Blitz"]
[Site "Chess.com"]
[Date "2020.06.09"]
[Round "8"]
[White "woodhy"]
[Black "heartofatiger"]
[Result "1/2-1/2"]
[WhiteElo "2467"]
[BlackElo "2590"]
[TimeControl "180+1"]
[EndTime "10:36:58 PDT"]
[Termination "Game drawn - insufficient material"]

1. e4 Nf6 2. e5 Nd5 3. d4 d6 4. Nf3 Bg4 5. Be2 e6 6. O-O Be7 7. h3 Bh5 8. c4 Nb6 9. Bf4 O-O 10.
Nc3 N8d7 11. b3 a5 12. Nb5 d5 13. c5 Nc8 14. Qd2 Nb8 15. Rfe1 Nc6 16. Bg5 Bxf3 17. Bxe7 Qxe7 18. Bxf3 N8a7 19. Nc3 Qh4 20. Rad1 b6 21. cxb6 cxb6 22. Be2 Rab8 23. Nb5 Nxb5 24. Bxb5 Ne7 25. Rc1 Nf5 26. Red1 Rfc8 27. Rxc8+ Rxc8 28. Ba6 Rc7 29.
Bd3 Nxd4 30. Bxh7+ Kxh7 31. Qxd4 Qxd4 32. Rxd4 Rc1+ 33.
Kh2 Rc2 34. Rf4 Kg8 35. a3 Re2 36. b4 Rxe5 37. bxa5 bxa5 38. Ra4 Re2 39. Kg3 e5 40. Rxa5 d4 41. Rd5 f6 42. a4 Ra2 43. f4 exf4+ 44. Kxf4 Rxa4 45. Ke4 Ra2 46. g4 Rh2 47. Rh5 Rd2 48. Rd5 Rh2 49. Rh5 Kf7 50. Kxd4 g6 51.
Rh4 Ke6 52. Ke4 g5 53. Rh7 Rf2 54. Ke3 Rf4 55. Rh8 Rf1 56. Re8+ Kf7 57. Rh8 Kg7 58.
Rd8 Re1+ 59. Kf2 Re7 60. Rd3 Kg6 61. Kg3 Re6 62. Rf3 Re5 63. h4 gxh4+ 64. Kxh4 f5 65. gxf5+ Rxf5 66. Rxf5 Kxf5 1/2-1/2

[Event "*** SCC Grand Prix: Titled Tuesday Blitz"]
[Site "Chess.com"]
[Date "2020.06.09"]
[Round "8"]
[White "ketster"]
[Black "attack2mateU"]
[Result "0-1"]
[WhiteElo "2464"]
[BlackElo "2694"]
[TimeControl "180+1"]
[EndTime "10:36:58 PDT"]
[Termination "attack2mateU won by checkmate"]

1. d4 Nf6 2. c4 g6 3. Nc3 d5 4. cxd5 Nxd5 5. e4 Nxc3 6. bxc3 Bg7 7. Nf3 c5 8. Rb1 O-O 9. Be2 Nc6 10. d5 Ne5 11.
Nxe5 Bxe5 12. Qd2 e6 13. f4 Bc7 14. O-O exd5 15. exd5 Ba5 16. Bf3 Qd6 17. Rb5 b6 18.
Rxa5 bxa5 19. c4 Bf5 20. Bb2 Rae8 21. Be5 Rxe5 22. fxe5 Qxe5 23. Re1 Qd6 24. Qxa5 Rb8 25. Qxa7 Rb1 26. Qa5 Qe5 27. Rxb1 Qe3+ 28. Kh1 Bxb1 29. h3 Qc1+ 30. Kh2 Qxc4 31. Qd2 Kf8 32. d6 Qd4 33. Qxd4 cxd4 34. Kg3 Ke8 35. Bc6+ Kd8 36. a4 f5 37. a5 Bd3 38. Kf2 Ba6 39. Ke1 d3 40. Kd2 f4 41. h4 h6 42. Be4 g5 43. hxg5 hxg5 44. Bxd3 Bc8 45. Bb5 Bb7 46. Bf1 Kd7 47.
a6 Ba8 48. Kd3 Kxd6 49. Kd4 g4 50. Kd3 Ke5 51. Ke2 Kd4 52. Kf2 g3+ 53. Kg1 Kc5 54. Be2 Kb6 55. Bd3 Bc6 56. Kf1 Ka7 57. Ke2 Bxg2 58.
Ke1 Bd5 59. Kf1 f3 60. Kg1 f2+ 61. Kf1 Kb6 62. Be2 Bc6 63. Bd3 Bd7 64. Be2 Bh3# 0-1

[Event "*** SCC Grand Prix: Titled Tuesday Blitz"]
[Site "Chess.com"]
[Date "2020.06.09"]
[Round "8"]
[White "PetrolulSah"]
[Black "PawnEatingZombie"]
[Result "1-0"]
[WhiteElo "2243"]
[BlackElo "2108"]
[TimeControl "180+1"]
[EndTime "10:36:59 PDT"]
[Termination "PetrolulSah won on time"]

1. d4 d5 2. Nf3 e6 3. g3 b5 4.
Bg2 Nf6 5. O-O Bb7 6. a4 b4 7. c4 c5 8. Ne5 Nbd7 9. a5 Rc8 10. a6 Ba8 11. Qa4 Be7 12. Bg5 O-O 13. e3 cxd4 14.
exd4 Nb6 15. Qb5 Nxc4 16. Nxc4 Rxc4 17. Nd2 Rc2 18. b3 h6 19. Bxf6 Bxf6 20. Nf3 Qc7 21. Qxb4 Rb8 22. Qa3 Qc3 23. Rab1 Qc7 24. Rfc1 Be7 25. Rxc2 Qxc2 26. Qa1 Bb4 27. Rc1 Qxb3 28. h4 Bd6 29. Qa5 Qb6 30. Qxb6 axb6 31. a7 Rd8 32. Bf1 Bb7 33. Bb5 Ra8 34. Ra1 Kf8 35. Ne5 Bxe5 36. dxe5 Ke7 37. f4 Kd8 38. Kf2 d4 39.
Ke2 Be4 40. Kd2 Kc7 41. Ra4 Kb7 42. Rxd4 Bd5 43. Bc4 Bxc4 44. Rxc4 Rxa7 45. Rd4 Ka6 46. Rd8 b5 47. Rg8 g6 48. h5 gxh5 49. Rh8 Rb7 50. Rxh6 b4 51. Kc2 Kb5 52. Kb3 Rc7 53. Rxh5 Rc3+ 54. Kb2 Rxg3 55. Rh7 Kc4 56. Rxf7 Rg2+ 57. Kc1 Kc3 58. Rc7+ Kb3 59. Rc6 Ka3 60. Rxe6 b3 61. Ra6+ Kb4 62. Rb6+ Kc3 63. Rc6+ Kd3 64. Kb1 Ke4 65. Rc4+ Kf5 66. Kc1 b2+ 67. Kb1 Rf2 68. Rb4 1-0

[Event "*** SCC Grand Prix: Titled Tuesday Blitz"]
[Site "Chess.com"]
[Date "2020.06.09"]
[Round "8"]
[White "TigranMukhutdinov"]
[Black "Mazetovic"]
[Result "0-1"]
[WhiteElo "2475"]
[BlackElo "2632"]
[TimeControl "180+1"]
[EndTime "10:37:00 PDT"]
[Termination "Mazetovic won by resignation"]

1. Nf3 Nf6 2. g3 g6 3. b3 Bg7 4. Bb2 O-O 5. Bg2 a5 6. O-O a4 7. c4 d6 8. d4 c6 9. bxa4 Qa5 10. Nc3 Nbd7 11. Nd2 Nb6 12. Nb3 Qa6 13. c5 Nxa4 14.
Nxa4 Qxa4 15. cxd6 exd6 16. e4 Nd7 17. Re1 Nb6 18. e5 Nc4 19. Bc3 Bf5 20. g4 Bc8 21. h3 Re8 22. f4 dxe5 23. dxe5 Na3 24. Bb2 Qxf4 25. Qe2 Be6 26. Nc5 Bd5 27. Bxd5 cxd5 28.
Nxb7 Nc4 29. Bc1 Qd4+ 30. Qf2 Qxa1 31. Rf1 Nxe5 32. Nd6 Red8 33. Bg5 Qxa2 34. Qxa2 Rxa2 35. Bxd8 Bf8 36. Nb5 Bc5+ 37. Kh1 Nd3 38. Nc3 Nf2+ 39. Kg2 Rc2 40. Nxd5 Nxg4+ 41. Kg3 Nh6 42. Nf6+ Kg7 43. Ne8+ Kf8 44. Nf6 Nf5+ 45. Kg4 Rc4+ 46. Rf4 Rxf4+ 47. Kxf4 Bd6+ 48. Kg5 h6+ 49. Kg4 Be7 50. Bxe7+ Kxe7 51. Ne4 Kf8 52. h4 h5+ 53. Kg5 Kg7 54. Nf6 Nd6 55.
Nd5 Ne4+ 56. Kf4 Nd6 57. Nc7 f6 58. Nd5 Kf7 59. Kg3 Nf5+ 60. Kh3 Ke6 61. Nf4+ Kf7 62. Nd5 Nh6 63. Nf4 Ng8 64. Kg3 Ne7 65. Kh3 Ke8 66. Nd3 Kd7 67. Nc5+ Kd6 68. Ne4+ Ke5 69. Nc5 Kd4 70. Nd7 f5 71. Nf8 Ke3 72. Ne6 f4 73.
Kg2 f3+ 74. Kf1 Nf5 75. Ng5 Ng3+ 0-1

[Event "*** SCC Grand Prix: Titled Tuesday Blitz"]
[Site "Chess.com"]
[Date "2020.06.09"]
[Round "8"]
[White "viktorskliarov"]
[Black "OdChessWorld"]
[Result "0-1"]
[WhiteElo "2599"]
[BlackElo "2794"]
[TimeControl "180+1"]
[EndTime "10:37:04 PDT"]
[Termination "OdChessWorld won by resignation"]

1. e4 c6 2. d4 d5 3. exd5 cxd5 4. Bd3 Nf6 5. Ne2 Nc6 6. c3 Bg4 7.
O-O e6 8. Qe1 Bxe2 9. Qxe2 Bd6 10. f4 O-O 11. f5 e5 12. dxe5 Nxe5 13. Nd2 Qb6+ 14. Kh1 Rae8 15. Nf3 Neg4 16. Qc2 Bc5 17. Bg5 Nf2+ 18. Rxf2 Bxf2 19. Bxf6 gxf6 20. Rf1 Be3 21. b4 Re7 22. a3 Rfe8 23. c4 dxc4 24. Bxc4 Kg7 25.
Bb3 Rc7 26. Qd3 Rec8 27. Qd5 Qa6 28. Re1 Bf2 29. Rd1 Qxa3 30. h4 Qxb4 31. Kh2 Qf4+ 32. Kh1 Bxh4 33. Rd4 Qc1+ 34. Bd1 Bg5 35. Nxg5 fxg5 36.
f6+ Kxf6 37. Qd6+ Kg7 38. Qe5+ f6 39. Qf5 Qc6 40. Bf3 Qc1+ 41. Kh2 Qc5 42. Rd5 Qe7 43. Be4 Rh8 44. Bb1 Qf7 45. Rd6 Re7 46. Rd5 Qh5+ 47. Kg3 Qh4+ 48. Kf3 Qf4+ 49. Qxf4 gxf4 50. Kxf4 Rhe8 51.
Bf5 Re5 52. Rd7+ R8e7 53. Rd3 Rc5 54. Rg3+ Kf8 55. Rd3 Ree5 56. g4 Rxf5+ 57. gxf5 Rc7 58. Rd6 Ke7 59. Re6+ Kf7 60. Rd6 a5 61. Rb6 a4 62.
Rb4 b5 63. Rxb5 Ra7 64. Rb2 a3 65. Ra2 Ra4+ 66. Ke3 h5 67. Kd3 Kg7 68. Kc3 Kh6 69. Kb3 Ra7 70. Rg2 a2 71. Rg6+ Kh7 72. Rxf6 a1=Q 73. Rf7+ Rxf7 0-1

[Event "*** SCC Grand Prix: Titled Tuesday Blitz"]
[Site "Chess.com"]
[Date "2020.06.09"]
[Round "8"]
[White "korbul"]
[Black "JulAnt"]
[Result "1/2-1/2"]
[WhiteElo "2499"]
[BlackElo "2374"]
[TimeControl "180+1"]
[EndTime "10:37:06 PDT"]
[Termination "Game drawn - insufficient material"]

1. d4 Nf6 2. c4 g6 3. Nc3 d5 4. cxd5 Nxd5 5. Bd2 Bg7 6. e4 Nxc3 7. Bxc3 O-O 8. Nf3 c5 9. d5 Bxc3+ 10. bxc3 e6 11. Be2 exd5 12. exd5 Nd7 13. O-O Nf6 14. c4 Ne8 15. h3 Nd6 16. Re1 b6 17. Rc1 a6 18.
Bd3 Qc7 19. Qd2 Bb7 20. Qh6 f6 21. Re6 Rae8 22. Rce1 Rxe6 23. Rxe6 b5 24. Bxg6 hxg6 25. Qxg6+ Qg7 26. Qxg7+ Kxg7 27. Rxd6 bxc4 28. Kf1 Kg6 29.
Ke2 Kf5 30. Rd7 Rb8 31. Ke3 Re8+ 32. Kd2 Ba8 33. d6 Ke6 34. Re7+ Rxe7 35. dxe7 Kxe7 36. Ne1 Kd6 37. Kc3 Bd5 38. f4 f5 39. g4 fxg4 40.
hxg4 Ke6 41. Nc2 Bf3 42. Ne3 Be2 43. g5 Bd3 44. Nxc4 Bb1 45. a3 Kf5 46. Nd2 Ba2 47. Nb3 Kxf4 48. g6 Bb1 49. g7 Bh7 50. Nxc5 a5 51. Nb7 Ke5 52. Nxa5 Kf6 53. Nc6 Kxg7 54. Kc4 Kf7 55. Kc5 Ke8 56. Kb6 Kd7 57. a4 Kc8 58. a5 Bd3 59. Ne5 Bf1 60. Nf7 Kb8 61.
Nd6 Be2 62. Ne8 Bf1 63. Nc7 Be2 64. Nd5 Bf1 65. Nb4 Be2 66. Na6+ Ka8 67. Nc7+ Kb8 68. Nb5 Bxb5 69. a6 Bxa6 1/2-1/2

[Event "*** SCC Grand Prix: Titled Tuesday Blitz"]
[Site "Chess.com"]
[Date "2020.06.09"]
[Round "8"]
[White "Leonid_Starozhilov"]
[Black "Nbk90"]
[Result "1/2-1/2"]
[WhiteElo "2710"]
[BlackElo "2558"]
[TimeControl "180+1"]
[EndTime "10:37:07 PDT"]
[Termination "Game drawn by repetition"]

1. e4 e5 2. Nf3 Nc6 3. Bc4 Bc5 4.
d3 Nf6 5. c3 d6 6. a4 a6 7.
Nbd2 Ba7 8. Nf1 h6 9. Be3 O-O 10. Bxa7 Rxa7 11. Ng3 Re8 12. O-O Be6 13. Re1 Ra8 14. b4 Qd7 15. Qb3 Bxc4 16. dxc4 Qe6 17. a5 Ne7 18. Rad1 Red8 19. Qa2 Ng6 20. Rd2 Nf4 21. Red1 g6 22. Ne1 h5 23. f3 h4 24.
Nf1 Kg7 25. Ne3 Rd7 26. h3 Rad8 27. Nd3 N6h5 28. Nxf4 Nxf4 29. Nd5 Nxd5 30. Rxd5 c6 31. R5d2 Qf6 32. Qc2 Qf4 33. Qd3 Qg5 34. Qe2 Qf4 35. Qf2 Kf8 36. Rd3 Ke7 37. Qb6 Qg5 38.
Kh1 Qf4 39. b5 axb5 40. cxb5 cxb5 41. Qxb5 Kf8 42. c4 Ke7 43. c5 Kf8 44. cxd6 Kg7 45.
Qc5 Qf6 46. Rd5 Qf4 47. Qc3 f6 48. Qd2 Qxd2 49. R1xd2 Kf7 50. Rb2 Ke6 51. Rdb5 Rxd6 52. Rxb7 Rd1+ 53. Kh2 Ra1 54. R2b6+ Rd6 55. Rxd6+ Kxd6 56. Rb6+ Ke7 57. a6 g5 58. Rc6 Kf7 59. Rc7+ Kg6 60. a7 Kh6 61. Rc6 Kg6 62. Rc7 Kh6 63. Rb7 Kg6 64. Rc7 1/2-1/2

[Event "*** SCC Grand Prix: Titled Tuesday Blitz"]
[Site "Chess.com"]
[Date "2020.06.09"]
[Round "8"]
[White "colegiodemadrid"]
[Black "GuuBol"]
[Result "0-1"]
[WhiteElo "2346"]
[BlackElo "2238"]
[TimeControl "180+1"]
[EndTime "10:37:09 PDT"]
[Termination "GuuBol won by resignation"]

1. d4 d5 2. Bf4 e6 3. e3 Nf6 4.
Nd2 c5 5. c3 Nc6 6. Ngf3 Be7 7.
Bd3 Nh5 8. Bg3 Nxg3 9. hxg3 h6 10. g4 Bd7 11. dxc5 Bxc5 12. g5 Qb6 13. gxh6 Rxh6 14.
Rxh6 gxh6 15. Qb3 O-O-O 16. Qxb6 Bxb6 17. O-O-O Rg8 18. g3 Ne7 19. Rh1 Rh8 20. Ne5 Be8 21. Ng4 Ng8 22. Nf3 Kd8 23. Kd2 Ke7 24. b3 f6 25. c4 dxc4 26. Bxc4 Bc6 27. Ke2 Bc7 28. Rh2 h5 29. Nd4 Bd7 30. Rh4 f5 31. Nh2 Nf6 32. Nhf3 e5 33. Nb5 Bb8 34. Nc3 Be6 35. Bxe6 Kxe6 36.
Ng5+ Ke7 37. Rb4 b6 38. a4 Rc8 39. Nb5 Rc2+ 40. Kf1 Ng4 41. Nh3 e4 42. Nd4 Rc1+ 43. Kg2 Kf6 44. Rc4 Rxc4 45. bxc4 Bd6 46. Nf4 Ne5 47.
Nxh5+ Kg5 48. Nf4 Nxc4 49. Nd5 Nb2 50. Nb5 Bb8 51. Ndc3 Kf6 52. Nd5+ Ke5 53. Ne7 Ke6 54. Ng6 a6 55. Nd4+ Kd5 56. Nh4 Nxa4 57. Nhxf5 b5 58. g4 b4 59. g5 Nc5 60. g6 Be5 61. Ne2 b3 62. g7 Bxg7 63. Nxg7 Na4 64. Nf5 b2 65.
Ne7+ Ke6 66. Nc6 b1=Q 67. Ncd4+ Kf7 68. Ng3 Nc3 69. Ngf5 a5 70. Ng3 a4 71. Nde2 Nxe2 72. Nxe2 a3 73. Nc3 Qb3 74. Nxe4 Qd5 75. f3 a2 0-1

[Event "*** SCC Grand Prix: Titled Tuesday Blitz"]
[Site "Chess.com"]
[Date "2020.06.09"]
[Round "8"]
[White "Firouzja2003"]
[Black "wonderfultime"]
[Result "1-0"]
[WhiteElo "3143"]
[BlackElo "3005"]
[TimeControl "180+1"]
[EndTime "10:37:10 PDT"]
[Termination "Firouzja2003 won by resignation"]

1. e4 c5 2. Nf3 Nf6 3. e5 Nd5 4. Nc3 e6 5. Ne4 f5 6. Nc3 Ne7 7. d4 cxd4 8. Nxd4 a6 9. Qh5+ g6 10. Qh4 Nec6 11. Bg5 Be7 12. Bxe7 Qxe7 13. Qxe7+ Kxe7 14. Nf3 g5 15. Nxg5 Nxe5 16. f4 Ng6 17. g3 Nc6 18.
Bg2 h6 19. Nf3 Rg8 20. Kf2 Kf6 21. Rad1 d5 22. Na4 b5 23. Nc5 Ra7 24. Rhe1 Rc7 25. c3 Na5 26. b4 Nc4 27. Nd4 e5 28. Bxd5 Rd8 29. Nde6 Bxe6 30. Nxe6 Rxd5 31. Nxc7 Rxd1 32. Rxd1 exf4 33. Nd5+ Ke5 34. Nxf4 Nxf4 35. gxf4+ Kxf4 36. Rd8 Ke4 37. Ra8 Kd3 38. Rxa6 Ne5 39. h3 Kxc3 40. Rxh6 Kxb4 41. Rf6 Nd3+ 42. Ke3 Nc1 43. Rxf5 Nxa2 44. h4 Kc4 45. h5 b4 46. h6 b3 47. Rf1 b2 48. Rb1 Nc3 49. Rxb2 Nd1+ 50. Kf3 Nxb2 51.
h7 Nd3 52. h8=Q Nc5 53. Ke3 Kd5 54. Qd4+ Kc6 55. Qc4 Kd6 56. Kf4 Ne6+ 57. Kf5 Nc5 58. Qf7 Kc6 59. Ke5 Nd7+ 60. Kd4 Nb6 61. Qe8+ Kc7 62. Kc5 Nd7+ 63. Kb5 Kd6 64. Qe3 Nf6 65.
Qd4+ Ke6 66. Kc6 Kf7 67. Kd6 Ne8+ 68. Ke5 Ke7 69. Qa7+ Kd8 70. Kd5 Kc8 71. Kc6 1-0

[Event "*** SCC Grand Prix: Titled Tuesday Blitz"]
[Site "Chess.com"]
[Date "2020.06.09"]
[Round "8"]
[White "Haykoooo0o"]
[Black "Angel_Hranitel_37"]
[Result "0-1"]
[WhiteElo "2540"]
[BlackElo "2394"]
[TimeControl "180+1"]
[EndTime "10:37:12 PDT"]
[Termination "Angel_Hranitel_37 won by resignation"]

1. e4 c5 2. Nc3 Nc6 3. Bb5 Nd4 4.
Nf3 e6 5. O-O Ne7 6. Re1 a6 7.
Bd3 Nec6 8. b3 g6 9. Bb2 Bg7 10.
Nxd4 Nxd4 11. Rb1 O-O 12. e5 d6 13. exd6 Qxd6 14. Ne4 Qc7 15. c3 Nf5 16. Ng3 Rd8 17. Nxf5 exf5 18. Be2 b5 19. Bf3 Ra7 20. d4 cxd4 21.
cxd4 Qa5 22. d5 Bxb2 23. Rxb2 Rad7 24. Rbe2 Qc3 25. Re3 Qf6 26. Rd3 Bb7 27. Qd2 Kg7 28.
g3 h5 29. h4 f4 30. Kg2 fxg3 31. fxg3 Qd6 32. Qc3+ Qf6 33. Qd2 Rd6 34. Rd4 R8d7 35. Rd1 Qe5 36. Rd3 f5 37. Re1 Qf6 38. Re8 f4 39. Qxf4 Qxf4 40. gxf4 Bxd5 41. Bxd5 Rxd5 42. Rxd5 Rxd5 43. Kf3 Rd2 44. a4 bxa4 45. bxa4 Rd3+ 46. Ke4 Ra3 47. Ke5 Rxa4 48. Re7+ Kh6 49. Ra7 Ra5+ 50.
Ke4 Ra4+ 51. Ke5 Ra1 52. Ra8 Kg7 53. Ra7+ Kh6 54. Kf6 Ra5 55. Ke6 Rf5 56. Rxa6 Rxf4 57. Ke5 Rxh4 58. Kf6 Rg4 59. Ra8 Rf4+ 60. Ke5 Rf5+ 61.
Ke4 h4 62. Rh8+ Kg5 63. Rg8 h3 64. Rh8 Kg4 65. Rh6 g5 66. Ke3 Re5+ 67. Kf2 Ra5 68.
Kg1 Ra1+ 69. Kh2 Ra2+ 70. Kh1 Kg3 71. Ra6 Rxa6 0-1

[Event "*** SCC Grand Prix: Titled Tuesday Blitz"]
[Site "Chess.com"]
[Date "2020.06.09"]
[Round "8"]
[White "ChessyInstinct"]
[Black "dosto07"]
[Result "1/2-1/2"]
[WhiteElo "2388"]
[BlackElo "2153"]
[TimeControl "180+1"]
[EndTime "10:37:12 PDT"]
[Termination "Game drawn - timeout vs insufficient material"]

1. d4 d5 2. c4 dxc4 3. Nf3 Nf6 4. e3 e6 5. Bxc4 c5 6. O-O a6 7. a4 Nc6 8. Nc3 Be7 9. Re1 O-O 10. h3 b6 11. Qe2 Bb7 12. Rd1 Qc7 13. dxc5 bxc5 14. b3 Nd7 15. Bb2 Bf6 16. Ne4 Bxb2 17. Qxb2 Na5 18.
Nd6 Bxf3 19. gxf3 Nxc4 20. Nxc4 Rfd8 21. Rd6 h6 22. Rad1 Nf6 23. Qe5 Rxd6 24. Qxd6 Qb7 25.
Ne5 Qxb3 26. Rc1 Qxa4 27. Rxc5 Qh4 28. Kg2 a5 29. Ng4 Nxg4 30. fxg4 Qd8 31. Qxd8+ Rxd8 32. Rxa5 Rd2 33. Ra7 g6 34. Kg3 Kg7 35. f4 Rd1 36.
e4 Re1 37. e5 g5 38. f5 Rxe5 39. fxe6 Rxe6 40. Ra3 Kf6 41. Rf3+ Kg6 42. Ra3 h5 43. gxh5+ Kxh5 44. Ra7 Kg6 45. h4 f6 46. hxg5 Kxg5 47. Ra8 Kf5 48. Ra5+ Re5 49. Ra8 Rb5 50. Kf2 Rb4 51.
Kf3 Rb3+ 52. Kf2 Kg5 53. Rg8+ Kf4 54. Ra8 f5 55. Kf1 Kf3 56. Ra2 f4 57. Ra1 Kg3 58. Ke2 f3+ 59. Kd2 f2 60. Ke2 Rb5 61. Ra3+ Kg2 62. Ra1 Re5+ 63. Kd3 f1=Q+ 64. Rxf1 Kxf1 65. Kd4 Re2 66. Kc3 Ke1 67. Kd3 Kd1 68. Kc3 Rd2 69.
Kc4 Kc2 70. Kb4 Rd3 71. Kc4 Kd2 72. Kc5 Kc3 73. Kb5 Rd4 74. Kc5 Kd3 75. Kc6 Kc4 76.
Kb6 Rd5 77. Kc6 Kd4 78. Kb6 Kc4 79. Kc6 Rd4 80. Kb6 Rd6+ 81. Kc7 Kc5 82. Kb7 Rd4 83. Kc7 Rd6 84. Kb7 1/2-1/2

[Event "*** SCC Grand Prix: Titled Tuesday Blitz"]
[Site "Chess.com"]
[Date "2020.06.09"]
[Round "8"]
[White "MisiekZielony"]
[Black "Olga_Girya"]
[Result "0-1"]
[WhiteElo "2147"]
[BlackElo "2399"]
[TimeControl "180+1"]
[EndTime "10:37:14 PDT"]
[Termination "Olga_Girya won on time"]

1. c4 c6 2. Nc3 d5 3. cxd5 cxd5 4.
d4 Nf6 5. Nf3 Nc6 6. Bf4 Bf5 7.
e3 e6 8. Bb5 Bb4 9. Ne5 O-O 10.
Bxc6 bxc6 11. Nxc6 Bxc3+ 12. bxc3 Qd7 13. Ne5 Qc7 14. O-O Qxc3 15. Qa4 Rfc8 16. h3 h6 17. Rac1 Qxc1 18. Rxc1 Rxc1+ 19. Kh2 Rcc8 20. Nc6 Re8 21. Bd6 Ne4 22. Ne7+ Kh7 23. Nxf5 exf5 24. Bg3 Re7 25.
Qb5 Nxg3 26. Kxg3 Rd8 27. a4 Rd6 28. h4 h5 29. Kh2 Red7 30. g3 Kh6 31. Qe2 g6 32.
Qd3 Kg7 33. Qb5 Re7 34. Qc5 Ree6 35. Kg2 Ra6 36. Qb5 Red6 37. Qc5 Rab6 38. Qc7 a6 39. Qa7 Rbc6 40. a5 Rc2 41. Qe7 Rdc6 42. Qd7 R2c4 43. Qxd5 Rc2 44. Qe5+ Kg8 45. d5 Rc8 46. d6 Rd2 47. Qe7 Kg7 48. d7 Ra8 49. d8=Q Raxd8 50. Qe5+ Kg8 51. Qf6 R2d6 52. Qe7 R8d7 53. Qe8+ Kg7 54. Qe5+ Kh7 55. Qe8 Rd5 56. Kf3 Kg7 57. Qa8 R7d6 58.
Kf4 Rxa5 59. Qb8 Ra4+ 60. Kf3 Re6 61. Qb2+ Kg8 62. Qc2 Ra5 63. Qc8+ Kg7 64. Qc3+ Kg8 65. Qxa5 Kg7 66. Kf4 Kh6 67. Qd8 Kg7 0-1

[Event "*** SCC Grand Prix: Titled Tuesday Blitz"]
[Site "Chess.com"]
[Date "2020.06.09"]
[Round "8"]
[White "lelajavakhishvili"]
[Black "ChessQueen"]
[Result "0-1"]
[WhiteElo "2451"]
[BlackElo "2663"]
[TimeControl "180+1"]
[EndTime "10:37:19 PDT"]
[Termination "ChessQueen won on time"]

1. c4 Nf6 2. Nf3 b6 3. g3 Bb7 4.
Bg2 e6 5. O-O Be7 6. d4 O-O 7.
Nc3 Ne4 8. Bd2 d6 9. Qc2 Nxd2 10. Qxd2 Nd7 11. h4 h6 12. d5 e5 13. e4 a5 14. Bh3 Nc5 15. Qe3 Bc8 16. Bf5 Bf6 17. Nd2 Bd7 18. Kg2 Qc8 19. Qf3 Be7 20. Rh1 g6 21.
Bxd7 Qxd7 22. Qe3 Kg7 23. h5 g5 24. Qe2 f5 25. f3 Rf7 26. Raf1 Raf8 27. b3 Na6 28. a3 Nc5 29. exf5 Qxf5 30. Nce4 Rb8 31. b4 axb4 32. axb4 Nd7 33. Ra1 b5 34. cxb5 Nb6 35. Nc3 Rbf8 36. Nde4 Qc8 37. Ra7 Bd8 38. Rf1 Qb8 39.
Ra2 Qc8 40. g4 Rf4 41. Ng3 Qb7 42. Qd3 R8f6 43. Rd2 Rxb4 44. Nf5+ Kg8 45. Ne4 Rxf5 46. gxf5 Rd4 47. Qe2 Qxd5 48. f6 Rxd2 49. Qxd2 Qxd2+ 50. Nxd2 Nd5 51. Rc1 Nxf6 52. Ne4 Nxh5 53. b6 Nf4+ 54. Kh2 cxb6 55. Rc8 Ne6 56. Nxd6 Kf8 57.
Nc4 Ke8 58. Nxe5 b5 59. Kh3 b4 60. Rb8 Ke7 61. Rxb4 Bc7 62. Nc6+ Kf6 63. Nd4 Nf4+ 64. Kh2 Nd5+ 65. Kg2 Nxb4 66. Nb5 Bf4 67. Nc3 Nd3 68. Ne4+ Kf5 69. Nc3 Ne5 70. Nd5 h5 71. Ne7+ Kf6 72. Nd5+ Ke6 73. Nc3 Kf5 0-1

[Event "*** SCC Grand Prix: Titled Tuesday Blitz"]
[Site "Chess.com"]
[Date "2020.06.09"]
[Round "8"]
[White "fischercapa"]
[Black "Dr_crypt"]
[Result "0-1"]
[WhiteElo "2350"]
[BlackElo "2466"]
[TimeControl "180+1"]
[EndTime "10:37:23 PDT"]
[Termination "Dr_crypt won by resignation"]

1. e4 e5 2. Nc3 Nc6 3. g3 g6 4. Bg2 Bg7 5. Nge2 Nge7 6. d3 O-O 7. Be3 Nd4 8. Qd2 Nxe2 9. Qxe2 c6 10. Bg5 f6 11.
Be3 d5 12. exd5 cxd5 13. d4 e4 14. O-O-O Be6 15. Kb1 Rc8 16. Na4 b6 17. h4 h5 18.
Bh3 f5 19. Nc3 Rxc3 20. bxc3 Nc6 21. Qb5 Qd6 22. Bf4 Qd7 23. Bf1 Rc8 24. Be2 Qf7 25. Ka1 Na5 26. Qb4 Rc6 27. Bb5 Bf8 28. Qb2 Rc8 29. Be5 Qb7 30. Rhe1 a6 31. Be2 b5 32. f3 Qc6 33. g4 exf3 34. Bxf3 fxg4 35. Be2 Bf5 36.
Bd3 Nc4 37. Qc1 Nxe5 38. dxe5 Qxc3+ 39. Qb2 Bb4 40. Rf1 Qc5 41. Kb1 Bxd3 42. Rxd3 d4 43. Rfd1 Bc3 44. Qb3+ Qc4 45. Qxc4+ bxc4 46. Rxd4 Bxd4 47.
Rxd4 Kf7 48. Rf4+ Ke6 49. Rf6+ Kxe5 50. Rxg6 Kf4 51. Kc1 g3 52. Kd2 Kf3 53. Kc3 g2 54. Rf6+ Ke2 55. Re6+ Kf1 56. Rf6+ Kg1 57. Rxa6 Kh1 58.
Rg6 g1=Q 59. Rxg1+ Kxg1 60. a4 Kg2 61. a5 Kg3 62. a6 Ra8 63. Kxc4 Rxa6 64. Kb5 Ra8 65. c4 Kxh4 66. c5 Kg3 67. c6 h4 68. Kb6 h3 69. Kb7 Rh8 70. c7 h2 71. c8=Q Rxc8 0-1

[Event "*** SCC Grand Prix: Titled Tuesday Blitz"]
[Site "Chess.com"]
[Date "2020.06.09"]
[Round "8"]
[White "SergeyKarjakin"]
[Black "Twitch_ElhamBlitz05"]
[Result "1/2-1/2"]
[WhiteElo "2958"]
[BlackElo "2747"]
[TimeControl "180+1"]
[EndTime "10:37:30 PDT"]
[Termination "Game drawn - insufficient material"]

1. e4 c6 2. Nf3 d5 3. exd5 cxd5 4. Ne5 Nf6 5. d4 Nbd7 6. Bd3 g6 7. O-O Bg7 8. f4 O-O 9. c3 Ne8 10. Nd2 Nd6 11. g4 Nf6 12. Qf3 Nfe4 13. Nxe4 dxe4 14. Bxe4 Nxe4 15. Qxe4 f6 16. Nf3 Bxg4 17. Qxb7 e5 18.
fxe5 fxe5 19. Be3 Rb8 20. Qc6 Bxf3 21. Rxf3 Rxf3 22. Qxf3 exd4 23. cxd4 Bxd4 24. Bxd4 Qxd4+ 25. Kh1 Qxb2 26. Qd5+ Kg7 27. Rd1 Qb7 28. a4 Qxd5+ 29.
Rxd5 Rb7 30. Kg2 Kf6 31. Ra5 Ke6 32. h4 Kd6 33. h5 gxh5 34. Rxh5 Kc6 35. Kf3 Re7 36.
Kf4 Kb6 37. Rb5+ Ka6 38. Rh5 Kb6 39. Rb5+ Kc6 40. Rh5 Kd6 41. Ra5 Rf7+ 42. Ke4 Re7+ 43. Kf4 Kc6 44. Rb5 Kd7 45. Kf5 Ke8 46. Kf6 Rc7 47.
Re5+ Kd8 48. Ra5 Rc6+ 49. Kg7 Rc7+ 50. Kf6 Kc8 51. Rh5 Kb7 52. Ke6 h6 53. Kd6 Rc6+ 54.
Kd5 Ra6 55. Rh4 Ra5+ 56. Kd6 h5 57. Rb4+ Ka8 58. Kc7 Rc5+ 59. Kd6 Rc1 60. Kd7 Rd1+ 61. Kc7 Rc1+ 62. Kd7 a6 63. Rb6 Ka7 64. Rh6 Rc5 65.
Kd6 Rc4 66. Rxh5 Rxa4 67. Kc5 Ra1 68. Rh7+ Kb8 69. Kb6 Rb1+ 70. Kxa6 Kc8 71. Ka5 Rc1 72. Rh8+ Kb7 73. Kb4 Rc7 74. Rh6 Rc6 75. Rh5 Re6 76. Rb5+ Kc6 77. Ra5 Kd6 78. Ra6+ Kd5 79. Rxe6 Kxe6 1/2-1/2

[Event "*** SCC Grand Prix: Titled Tuesday Blitz"]
[Site "Chess.com"]
[Date "2020.06.09"]
[Round "8"]
[White "KhatanbaatarBazar"]
[Black "Training_Day"]
[Result "1/2-1/2"]
[WhiteElo "2458"]
[BlackElo "2319"]
[TimeControl "180+1"]
[EndTime "10:37:34 PDT"]
[Termination "Game drawn by repetition"]

1. e4 e5 2. Nf3 Nc6 3. Bb5 a6 4.
Ba4 Nf6 5. O-O Nxe4 6. d4 Be7 7.
Re1 b5 8. Bb3 d5 9. dxe5 Be6 10.
c3 O-O 11. Nbd2 Nc5 12. Bc2 d4 13. Nb3 dxc3 14. bxc3 Qxd1 15. Rxd1 Na4 16. Bd2 Rad8 17.
Be1 Nb2 18. Rxd8 Rxd8 19. Nbd4 Na5 20. Nxe6 fxe6 21. Nd4 Kf7 22. f4 c5 23. Nb3 Nac4 24. Bf2 Na4 25. Rf1 g6 26. g4 Nxc3 27. Nxc5 Rd2 28. Bb3 Rxf2 29. Kxf2 Bxc5+ 30. Kg3 Ne4+ 31. Kh4 h6 32. Rc1 Bf2+ 33. Kh3 Be3 34. Re1 Ned2 35.
Bxc4 Nxc4 36. Kg3 g5 37. f5 Bf4+ 38. Kf3 Bxe5 39. fxe6+ Kxe6 40. h3 Kd5 41. Rd1+ Bd4 42.
Re1 b4 43. Re8 a5 44. Rd8+ Nd6 45. Ke2 Bb6 46. Rh8 a4 47. Rxh6 a3 48. Rh8 Nb5 49.
Rb8 Kc6 50. Kd3 Nc3 51. Kc2 Nxa2 52. Kb3 Nc3 53. Kxb4 a2 54. Ra8 Kb7 55. Ra3 Bd4 56.
Kc4 Bf6 57. Kb3 Kb6 58. Ra8 Kb7 59. Ra3 Kc7 60. Ra5 Kd7 61. Kb2 Ke6 62. Rf5 Kf7 63. Ka1 Kg6 64. Ra5 Kf7 65. Ra6 Ke7 66.
Kb2 Kf7 67. Ka1 Kg6 68. Rc6 Kg7 69. Rc7+ Kg6 70. Rc6 Kf7 71. Ra6 1/2-1/2

[Event "*** SCC Grand Prix: Titled Tuesday Blitz"]
[Site "Chess.com"]
[Date "2020.06.09"]
[Round "8"]
[White "ClassyEl"]
[Black "Generalas"]
[Result "1/2-1/2"]
[WhiteElo "2505"]
[BlackElo "2377"]
[TimeControl "180+1"]
[EndTime "10:37:35 PDT"]
[Termination "Game drawn by stalemate"]

1. d4 Nf6 2. Bg5 Ne4 3. Bf4 c5 4. f3 Qa5+ 5. c3 Nf6 6. Nd2 cxd4 7. Nb3 Qb6 8. Qxd4 Nc6 9. Qxb6 axb6 10. Be3 b5 11.
Bd2 e6 12. a3 Na5 13. Nxa5 Rxa5 14. e4 d5 15. b4 Ra8 16. Bxb5+ Bd7 17. Bxd7+ Kxd7 18. exd5 Nxd5 19. Ne2 Be7 20. O-O Bf6 21. a4 Rhc8 22.
Rfc1 Nxb4 23. cxb4 Bxa1 24. Rxa1 Rc2 25. Rd1 Rxa4 26. Nd4 Rc4 27. Nb3 Ke7 28. Nc5 Ra2 29. g4 Rcc2 30. Bf4 Rg2+ 31. Kh1 Rgf2 32. Bd6+ Kf6 33. Ne4+ Kg6 34. Nxf2 Rxf2 35. Rd3 h5 36. h3 hxg4 37. hxg4 f5 38. gxf5+ Kxf5 39. Kg1 Rb2 40. Bc5 g5 41. Kf1 Kf4 42. Bd6+ e5 43. Rd5 Kxf3 44. Ke1 Re2+ 45. Kd1 Re4 46. Rxe5 Rd4+ 47. Kc2 Rxd6 48. Rxg5 Ke4 49. Rg7 Kd4 50. Kb3 b5 51.
Rg5 Rd5 52. Rg8 Ke5 53. Rc8 Kd6 54. Kc3 Kd7 55. Ra8 Kc6 56. Rc8+ Kb6 57. Rb8+ Kc6 58.
Rc8+ Kb6 59. Rb8+ Kc6 60. Rh8 Kb6 61. Rh6+ Kc7 62. Rg6 Re5 63. Rh6 Rf5 64. Rh4 Rg5 65. Rd4 Rf5 66. Re4 Kc6 67. Re6+ Kc7 68. Rh6 Rg5 69.
Kd3 Rf5 70. Kd4 Rg5 71. Re6 Rf5 72. Re5 Rxe5 73. Kxe5 Kc6 74. Ke6 Kc7 75. Kd5 Kd7 76.
Kc5 Kc7 77. Kxb5 Kb7 78. Kc5 Kc7 79. b5 Kb7 80. b6 Kb8 81. Kb5 Kb7 82. Kc5 Kb8 83.
Kc6 Kc8 84. b7+ Kb8 85. Kb6 1/2-1/2